 Dungeon Crawl Stone Soup version 0.27-a0-416-gca2cecf3c0 (webtiles) character file.

Game seed: 15882497957320413956

12924 Morbidden the Destroyer (level 11, 0/80 HPs)
             Began as a Demonspawn Fire Elementalist on Feb 25, 2021.
             Was a Priest of Cheibriados.
             Slain by a skeletal warrior
             ... wielding a +2 dagger of venom
              (7 damage)
             ... on level 10 of the Dungeon.
             The game lasted 00:19:18 (15314 turns).

Morbidden the Destroyer (DsFE)                     Turns: 15314, Time: 00:19:18

Health: 0/80       AC: 14    Str: 16    XL:     11   Next: 68%
Magic:  24/32      EV: 13    Int: 29    God:    Cheibriados [***...]
Gold:   688        SH:  0    Dex: 21    Spells: 16/26 levels left

rFire    + . .     SeeInvis .     - Unarmed
rCold    . . .     Faith    .   (no shield)
rNeg     . . .     Spirit   .   G - quicksilver dragon scales
rPois    .         Reflect  .   (no helmet)
rElec    .         Harm     .   B - +1 cloak
rCorr    .         Rampage  .   (gloves unavailable)
Will     +....                  (no boots)
Stlth    +++.......             e - amulet of regeneration
HPRegen  1.23/turn              A - ring of protection from fire
MPRegen  0.23/turn              F - ring of magical power

@: lethally poisoned (0 -> -7), very slow
A: claws 3, molten scales 1, demonic magic 2
a: Renounce Religion, Bend Time, Temporal Distortion


You were on level 10 of the Dungeon.
You worshipped Cheibriados.
Cheibriados was most pleased with you.
You visited 2 branches of the dungeon, and saw 11 of its levels.

You collected 688 gold pieces.

Inventory:

Hand Weapons
 a - a +3 longbow of flaming
 D - a +3 scimitar of flaming
Missiles
 w - 89 arrows
 H - a curare-tipped dart
Armour
 u - the +3 ring mail of the Six of Swords {Will+ Int+2}
   (You took it off a wight on level 8 of the Dungeon)

   It affects your intelligence (+2).
   It affects your willpower, your defense against some magical effects.
 B - a +1 cloak (worn)
 G - quicksilver dragon scales (worn)
Jewellery
 e - an amulet of regeneration (around neck)
 A - a ring of protection from fire (left claw)
 F - a ring of magical power (right claw)
Wands
 j - a wand of iceblast (6)
 E - a wand of paralysis (22)
 K - a wand of digging (5)
Scrolls
 b - 6 scrolls of identify
 f - 4 scrolls of teleportation
 h - 3 scrolls of amnesia {unknown}
 k - a scroll of magic mapping {unknown}
 m - a scroll of fear {unknown}
 q - a scroll of random uselessness {unknown}
 s - 2 scrolls of immolation {unknown}
 t - a scroll of noise {unknown}
 v - 2 scrolls of fog {unknown}
 I - a scroll of enchant weapon {unknown}
Potions
 c - 4 potions of degeneration
 d - 4 potions of curing
 g - a potion of might {unknown}
 i - 2 potions of attraction {unknown}
 l - a potion of magic {unknown}
 n - 2 potions of cancellation {unknown}
 o - 3 potions of haste {unknown}
 p - a potion of ambrosia {unknown}
 r - 2 potions of flight
 z - 2 potions of berserk rage {unknown}
 C - 2 potions of brilliance {unknown}
 J - a potion of lignification {unknown}
Miscellaneous
 x - a condenser vane
 y - a phantom mirror


   Skills:
 * Level 5.6 Fighting
 + Level 3.9 Armour
 + Level 3.2 Dodging
 + Level 6.2 Stealth
 * Level 5.9 Unarmed Combat
 * Level 8.3 Spellcasting
 * Level 8.4 Conjurations
 * Level 7.5 Fire Magic
 * Level 4.6 Invocations


You had 16 spell levels left.
You knew the following spells:

 Your Spells              Type           Power        Failure   Level
a - Foxfire               Conj/Fire      100%         1%          1
b - Sticky Flame          Conj/Fire      55%          3%          4
c - Fireball              Conj/Fire      27%          9%          5

Your spell library contained the following spells:

 Spells                   Type           Power        Failure   Level
 Magic Dart               Conj           100%         1%          1
 Conjure Flame            Conj/Fire      55%          1%          3
 Inner Flame              Hex/Fire       33%          4%          3
 Mephitic Cloud           Conj/Pois/Air  28%          8%          3
 Apportation              Tloc           24%          9%          1
 Summon Small Mammal      Summ           48%          9%          1
 Blink                    Tloc           N/A          12%         2
 Call Imp                 Summ           12%          12%         2
 Slow                     Hex            12%          12%         2
 Call Canine Familiar     Summ           12%          24%         3
 Confusing Touch          Hex            12%          24%         3
 Gell's Gravitas          Tloc           6%           24%         3
 Lesser Beckoning         Tloc           6%           24%         3
 Summon Guardian Golem    Hex/Summ       12%          24%         3
 Tukima's Dance           Hex            12%          24%         3
 Cause Fear               Hex            6%           63%         4
 Petrify                  Tmut/Erth      12%          63%         4
 Summon Ice Beast         Ice/Summ       12%          63%         4
 Summon Lightning Spire   Summ/Air       12%          63%         4
 Alistair's Intoxication  Tmut/Pois      8%           92%         5
 Metabolic Englaciation   Hex/Ice        6%           92%         5
 Silence                  Hex/Air        6%           92%         5
 Yara's Violent Unravell  Hex/Tmut       6%           92%         5
 Invisibility             Hex            12%          100%        6
 Discord                  Hex            6%           100%        8


Dungeon Overview and Level Annotations

Branches:
Dungeon (10/15)            Temple (1/1) D:7
   Lair: D:8-11         Orc: D:9-12

Altars:
Ashenzari
Cheibriados
Dithmenos
Elyvilon
Fedhas
Gozag
Hepliaklqana
Kikubaaqudgha
Makhleb
Nemelex Xobeh
Okawaru
Qazlal
Ru
Sif Muna
Trog
Uskayaw
Vehumet
Wu Jian
Xom
Yredelemnul
Zin
The Shining One

Shops:
D:8 *

Annotations:
D:3 exclusion: oklob plant
D:4 3 runed translucent doors, 2 transporters, crabbyslav's ghost, novice HaHu
D:8 exclusion: two-headed ogre


Innate Abilities, Weirdness & Mutations

You have claws for hands.
You are partially covered in molten scales. (AC +2)
Spells you cast may paralyse nearby enemies.


Message History

You feel sick.
The foxfire hits the skeletal warrior.
The skeletal warrior is lightly damaged.
The skeletal warrior barely misses you.
Unknown command.
Casting: Foxfire (safe; 1% risk of failure)
Confirm with . or Enter, or press ? or * to list all spells.
Aiming: Sticky Flame (dangerous; 3% risk of failure)
Press: ? - help, Shift-Dir - straight line, f - skeletal warrior
Aim: a skeletal warrior, wielding a +2 dagger of venom (lightly damaged, ally target, 0% to evade)
The sticky flame hits the skeletal warrior but does no damage.
The skeletal warrior is lightly damaged.
The skeletal warrior is covered in liquid flames!
Malevolent energies surge around you.
You feel very sick.
The skeletal warrior burns!
The skeletal warrior barely misses you.
Unknown command.
Unknown command.
Unknown command.
Unknown command.
Your foxfire dissipates!
You feel very sick.
The skeletal warrior burns!
The skeletal warrior hits you with a +2 dagger of venom!
* * * LOW HITPOINT WARNING * * *
You are lethally poisoned!
Things that are here:
5 large rocks; a +0 mace Unknown command.
Unknown command.
Unknown command.
Casting: Sticky Flame (dangerous; 3% risk of failure)
Confirm with . or Enter, or press ? or * to list all spells.
You conjure some foxfire!
Malevolent energies surge around you.
* * * LOW HITPOINT WARNING * * *
You feel very sick.
The skeletal warrior burns!
The skeletal warrior barely misses you.
* * * LOW HITPOINT WARNING * * *
You feel sick.
The skeletal warrior burns!
The skeletal warrior hits you with a +2 dagger of venom!
You die...

#.# . #♣ #♣. .♣#..# #.#
≈♣#.♣ #.# #.#[.# #.#
♣≈#♣.♣ ♣#.# #.#..#
#.#♣♣♣♣≈#.♣.♣.#.#
#.#..##
#.#♣≈♣♣≈#♣.♣.♣#.#
#.#...#
#.#≈≈≈.≈♣♣♣.♣♣♣.#
#.#...#
#...≈.≈...†.))).#
#.....###
#.#♣≈♣♣♣♣♣♣z♣♣♣.#
#.#...... #.#♣♣≈.
#♣@♣.♣#.# #.#...... #.#
.≈♣#v♣§♣v#.# #.#......
#.# ♣♣≈#♣.♣.♣#.#
#.#...... #.#
♣#.♣.♣.#.#+#.#...... #.#
#♣.♣.♣#♣...♣#...... #.#
#.♣.♣.#♣♣.♣♣#......
###.### ### #......
###.....### ##......
#♣♣#.........#♣♣#.......


You could see a skeletal warrior (burning, ally target).

Vanquished Creatures
  Erica (D:9)
  A hydra (D:10)
  A two-headed ogre (D:10)
  A deep elf pyromancer (D:8)
  An ugly thing (D:8)
  A cyclops (D:10)
  Joseph (D:10)
  2 gargoyles (D:10)
  4 trolls (D:10)
  A hornet (D:10)
  11 yaks
  A water moccasin (D:4)
  2 ice beasts
  5 orc warriors
  2 black bears
  2 necrophages
  6 ogres
  7 centaurs
  A phantom (D:4)
  Blork the orc (D:4)
  A kobold brigand (D:9)
  6 bullfrogs
  A wyvern skeleton (D:9)
  4 scorpions
  6 killer bees (D:8)
  11 howler monkeys
  21 wights
  2 bullfrog zombies
  2 centaur zombies
  A bullfrog skeleton (D:8)
  3 centaur skeletons
  6 orc priests
  4 hounds
  9 iguanas
  7 orc wizards
  5 worker ants
  A hound skeleton (D:8)
  2 howler monkey zombies
  6 gnolls
  12 adders
  2 shadow imps
  7 white imps
  2 ufetubi
  An ooze (D:4)
  An adder zombie (D:9)
  3 worms
  6 dart slugs
  6 leopard geckos
  31 orcs
  6 bats
  7 giant cockroaches
  5 hobgoblins
  23 jackals
  5 quokkas
  5 frilled lizards
  6 goblins
  A jackal skeleton (D:8)
  18 kobolds
  A leopard gecko skeleton (D:5)
  2 leopard gecko zombies
  12 rats
312 creatures vanquished.

Vanquished Creatures (collateral kills)
  39 foxfires (D:5)
39 creatures vanquished.

Vanquished Creatures (others)
  A scorpion (D:5)
  An iguana (D:5)
  A worker ant (D:5)
  An adder (D:5)
  1265 foxfires
  16 plants (D:10)
1285 creatures vanquished.

Grand Total: 1636 creatures vanquished

Notes
Turn   | Place    | Note
-------+----------+-------------------------------------------
     0 | D:1      | Morbidden the Demonspawn Fire Elementalist began the quest
                  | for the Orb.
     0 | D:1      | Reached XP level 1. HP: 13/13 MP: 3/3
    91 | D:1      | You fall into a shaft and drop 1 floor!
   704 | D:1      | Gained mutation: Spells you cast may paralyse adjacent
                  | enemies. [demonic ancestry]
   704 | D:1      | Reached XP level 2. HP: 6/19 MP: 0/5
  1598 | D:1      | Gained mutation: Spells you cast may paralyse nearby
                  | enemies. [demonic ancestry]
  1598 | D:1      | Reached XP level 3. HP: 17/24 MP: 0/6
  2769 | D:2      | Gained mutation: You have sharp fingernails. [demonic
                  | ancestry]
  2769 | D:2      | Reached XP level 4. HP: 30/31 MP: 3/8
  3249 | D:2      | Found a bloodstained altar of Trog.
  3281 | D:2      | Reached XP level 5. HP: 32/36 MP: 3/9
  3994 | D:3      | Found a blossoming altar of Fedhas.
  4016 | D:3      | Noticed an oklob plant
  4723 | D:4      | Reached skill level 1 in Unarmed Combat
  4771 | D:4      | Found a runed translucent gate.
  4771 | D:4      | Found a runed translucent gate.
  4771 | D:4      | Found a runed translucent gate.
  4773 | D:4      | Noticed a phantom
  4776 | D:4      | Noticed crabbyslav's ghost (novice HaHu)
  4790 | D:4      | Killed a phantom
  4791 | D:4      | Gained mutation: You are partially covered in molten
                  | scales. (AC +2) [demonic ancestry]
  4791 | D:4      | Reached XP level 6. HP: 41/42 MP: 6/11
  4987 | D:4      | Reached skill level 1 in Armour
  5128 | D:4      | Found a sacrificial altar of Ru.
  5348 | D:4      | Found a transporter.
  5504 | D:4      | Noticed a water moccasin
  5519 | D:4      | Killed a water moccasin
  5858 | D:4      | Found a white marble altar of Elyvilon.
  5884 | D:4      | Found a transporter.
  6029 | D:4      | Noticed Blork the orc
  6059 | D:4      | Killed Blork the orc
  6060 | D:4      | Gained mutation: You have very sharp fingernails. [demonic
                  | ancestry]
  6060 | D:4      | Reached XP level 7. HP: 39/47 MP: 8/13
  6305 | D:5      | Entered Level 5 of the Dungeon
  6418 | D:5      | Found a shimmering altar of Xom.
  6679 | D:5      | Found a shadowy altar of Dithmenos.
  7313 | D:5      | Reached XP level 8. HP: 53/53 MP: 8/15
  8559 | D:6      | Reached skill level 5 in Spellcasting
  8571 | D:6      | Reached skill level 5 in Conjurations
  8741 | D:6      | Learned a level 4 spell: Sticky Flame
  8747 | D:6      | Reached skill level 1 in Fighting
  9335 | D:6      | Reached skill level 5 in Fire Magic
  9638 | D:7      | Reached XP level 9. HP: 61/61 MP: 13/17
 10123 | D:7      | Found a staircase to the Ecumenical Temple.
 10397 | Temple   | Entered the Ecumenical Temple
 10612 | Temple   | Became a worshipper of Cheibriados the Contemplative
 10686 | D:8      | Noticed a two-headed ogre
 10782 | D:8      | HP: 3/62 [killer bee (2)]
 10936 | D:8      | Found a sparkling altar of Nemelex Xobeh.
 11130 | D:8      | Identified the +3 ring mail of the Six of Swords {Will+
                  | Int+2}
 11154 | D:8      | Noticed a deep elf pyromancer
 11167 | D:8      | Killed a deep elf pyromancer
 11167 | D:8      | Reached * piety under Cheibriados
 11401 | D:8      | Found Paaheecu's General Store.
 11477 | D:8      | Gained mutation: You have claws for hands. [demonic
                  | ancestry]
 11477 | D:8      | Reached XP level 10. HP: 71/71 MP: 17/20
 11587 | D:8      | Found a burning altar of Makhleb.
 11626 | D:8      | Noticed a green ugly thing
 11639 | D:8      | Killed a green ugly thing
 11713 | D:8      | Identified a warped ring mail
 12293 | D:9      | Found a radiant altar of Vehumet.
 12314 | D:9      | Found a glowing golden altar of the Shining One.
 12386 | D:9      | Noticed Erica
 12397 | D:9      | Killed Erica
 12397 | D:9      | Reached ** piety under Cheibriados
 12398 | D:9      | Reached skill level 1 in Invocations
 12544 | D:9      | Reached skill level 5 in Stealth
 12928 | D:9      | Reached skill level 5 in Unarmed Combat
 13285 | D:9      | Learned a level 5 spell: Fireball
 13875 | D:10     | Entered Level 10 of the Dungeon
 14018 | D:10     | Reached *** piety under Cheibriados
 14019 | D:10     | Reached XP level 11. HP: 63/78 MP: 3/22
 14239 | D:10     | Noticed a two-headed ogre
 14253 | D:10     | Killed a two-headed ogre
 14254 | D:10     | Reached skill level 5 in Fighting
 14378 | D:10     | Identified a twisted mace
 14573 | D:10     | Noticed Joseph
 14595 | D:10     | Killed Joseph
 14923 | D:10     | Noticed a skeletal warrior
 14928 | D:10     | Noticed a five-headed hydra
 15144 | D:10     | Killed a five-headed hydra
 15314 | D:10     | Slain by a skeletal warrior

Illustrated notes

Levels and vault maps discovered:
D:1:      amcnicky_arrival_flooded_fountain, layout_loops_ring,
          roderic_serpentine_path, minmay_misc_feat_doors, minmay_tetromino_t2
D:2:      layout_loops_ring, general_overflow_altar
D:3:      layout_basic, tgw_fedhas
D:4:      gammafunk_wand_slinger, layout_basic, nicolae_ru_awakened_eye,
          gammafunk_ghost_nasty_kobolds, elyvilon_altar_4, uniq_blork_the_orc
D:5:      minmay_diamond_boxcup, layout_basic, kennysheep_mini,
          xom_confusion_cloud, minmay_hedge_maze
D:6:      layout_loops_ring
D:7:      layout_rooms, minmay_temple_entry_enclosed_plants
D:8:      minmay_the_grid_triangle_9x9_recursive_2
          [minmay_the_grid_triangle_9x9_prize_schism,
          minmay_the_grid_triangle_9x9_skeleton,
          minmay_the_grid_triangle_9x9_cache,
          minmay_the_grid_triangle_9x9_shrine], layout_rooms,
          nemelex_xobeh_ov_fountains_minmay, serial_shops, shop_fountains
D:9:      layout_grid_maze, grunt_temple_overflow_open, uniq_erica
D:10:     nzn_winding_woodlands_three_and_one
          [nzn_winding_woodlands_5x15_lazy_stream,
          nzn_winding_woodlands_5x15_split_checker,
          nzn_winding_woodlands_5x15_longhouse,
          nzn_winding_woodlands_center_garden], layout_rooms, nicolae_sextant,
          uniq_joseph
Temple:   eino_temple_water

Skill      XL: |  1  2  3  4  5  6  7  8  9 10 11 |
---------------+----------------------------------+-----
Fire Magic     | 3 4 5 6 7 |  7.5
Spellcasting   | 3 4 5 6 7 8 |  8.3
Stealth        | 2 3 4 5 6 |  6.2
Conjurations   | 2 3 4 5 6 7 8 |  8.4
Dodging        | 2 3 |  3.2
Unarmed Combat | 1 2 3 4 5 |  5.9
Armour         | 1 2 3 |  3.9
Fighting       | 2 3 4 5 |  5.6
Invocations    | 2 4 |  4.6

Action                   |  1- 3 |  4- 6 |  7- 9 | 10-12 || total
-------------------------+-------+-------+-------+-------++-------
Melee: Unarmed           |    13 |   104 |    91 |   155 ||   363
       Dagger            |    54 |     1 |       |       ||    55
       Punch             |       |       |     1 |     6 ||     7
 Fire: Longbow           |       |       |     8 |       ||     8
 Cast: Foxfire           |    92 |   149 |   328 |   246 ||   815
       Sticky Flame      |       |       |     5 |    47 ||    52
Evoke: Wand              |       |       |     1 |       ||     1
  Use: Potion            |       |       |     4 |     3 ||     7
       Scroll            |       |       |       |     2 ||     2
 Stab: Paralysed         |     6 |    22 |    33 |    54 ||   115
       Sleeping          |     1 |     1 |       |     1 ||     3
Armor: Robe              |    13 |     6 |       |       ||    19
       Leather armour    |       |    22 |    41 |       ||    63
       Ring mail         |       |       |     8 |    18 ||    26
       Quicksilver drago |       |       |       |    65 ||    65
Dodge: Dodged            |    93 |   110 |   129 |   156 ||   488

Table legend: (Time is in decaauts)
 A = Elapsed time spent in this place.
 B = Non-inter-level travel time spent in this place.
 C = Inter-level travel time spent in this place.
 D = Time resting spent in this place.
 E = Time spent auto-exploring this place.
 F = Levels seen in this place.
 G = Mean time per level.
                   A        B        C        D        E       F      G
               +--------+--------+--------+--------+--------+-----+--------+
         Total |  16152 |  15699 |    453 |    799 |  11939 |  11 | 1468.4 |
       Dungeon |  15919 |  15482 |    437 |    799 |  11736 |  10 | 1591.9 |
        Temple |    233 |    217 |     16 |      0 |    203 |   1 |  233.0 |
               +--------+--------+--------+--------+--------+-----+--------+

Top non-repeatable levels by time:
     D:1: 2160 daAuts
     D:5: 2125 daAuts
     D:9: 2118 daAuts
     D:8: 1742 daAuts
    D:10: 1635 daAuts
     D:4: 1624 daAuts
     D:2: 1478 daAuts
     D:6: 1193 daAuts
     D:3: 1040 daAuts
     D:7: 799 daAuts
  Temple: 233 daAuts
